 Dungeon Crawl Stone Soup version 0.28.0-43-g3370ac3207 (webtiles) character file.

Game seed: 17539945187922762820

101 RascalDebosk the Conjurer (level 4, 0/24 HPs)
             Began as a Deep Elf Conjurer on Mar 13, 2022.
             Succumbed to an adder's poison
             ... on level 3 of the Dungeon.
             The game lasted 00:32:53 (2002 turns).

RascalDebosk the Conjurer (Deep Elf Conjurer)       Turns: 2002, Time: 00:32:54

Health: 0/24       AC:  2    Str:  4    XL:     4   Next: 48%
Magic:  8/12       EV: 13    Int: 25    God:
Gold:   27         SH:  0    Dex: 13    Spells: 1/11 levels left

rFire   . . .      SeeInvis .   h - +1 demon blade (flame)
rCold   . . .      Faith    .   (no shield)
rNeg    . . .      Spirit   .   a - +0 robe
rPois   .          Reflect  .   (no helmet)
rElec   .          Harm     .   (no cloak)
rCorr   .          Rampage  .   (no gloves)
Will    .....                   (no boots)
Stlth   ++........              (no amulet)
HPRegen 0.08/turn               (no ring)
MPRegen 0.13/turn               (no ring)

@: lethally poisoned (0 -> -1)
A: no striking features
a: no special abilities


You were on level 3 of the Dungeon.
You visited 1 branch of the dungeon, and saw 3 of its levels.

You collected 27 gold pieces.

Inventory:

Hand Weapons
 f - a +0 dagger
 h - a +1 demon blade of flaming (weapon)
Missiles
 g - 65 stones
Armour
 a - a +0 robe (worn)
Scrolls
 b - 2 scrolls of enchant armour {unknown}
 c - a scroll of amnesia {unknown}
 e - a scroll of identify {unknown}
 i - a scroll of holy word {unknown}
 j - 2 scrolls of teleportation {unknown}
 n - a scroll of vulnerability {unknown}
Potions
 d - a potion of heal wounds {unknown}
 k - 2 potions of ambrosia {unknown}
 l - a potion of lignification {unknown}
 m - a potion of cancellation {unknown}


   Skills:
 + Level 3.3 Dodging
 + Level 3.6 Stealth
 + Level 4.0 Spellcasting
 + Level 4.9 Conjurations
 + Level 1.7 Hexes


You had one spell level left.
You knew the following spells:

 Your Spells              Type           Power      Damage    Failure   Level
a - Magic Dart            Conj           100%       1d8       1%          1
b - Searing Ray           Conj           58%        2d6       1%          2
c - Dazzling Flash        Conj/Hex       42%        N/A       7%          3
d - Fulminant Prism       Conj/Hex       10%        3d9       22%         4

Your spell library contained the following spells:

 Spells                   Type           Power      Damage    Failure   Level
 Static Discharge         Conj/Air       17%        N/A       4%          2
 Iskenderun's Mystic Bla  Conj/Tloc      17%        2d5       32%         4
 Lightning Bolt           Conj/Air       8%         1d21      67%         5
 Maxwell's Capacitive Co  Air            2%         ∞         100%        8


Dungeon Overview and Level Annotations

Branches:
Dungeon (3/15)

Altars:
Okawaru

Shops:
D:2 *


Message History

The adder hisses angrily.
Aiming: Searing Ray (safe; 1% risk of failure)
Press: ? - help, Q - select action, (/) - cycle Shift-Dir - straight line, f/p - adder
Aim: an adder (lightly wounded, 66% to hit)
The searing ray hits the adder.
The adder is heavily wounded. (Press . to maintain the ray.)
The adder bites you.
The searing ray misses the adder.
The adder bites you.
You are poisoned.
The adder poisons you!
You barely miss the adder.
The adder is moderately wounded.
You feel sick. The adder barely misses you. The adder closely misses you.
You barely miss the adder.
The adder is moderately wounded.
You feel sick. The adder closely misses you.
You closely miss the adder.
The adder is moderately wounded.
You feel sick. The adder bites you.
You are more poisoned.
The adder poisons you! The adder bites you.
You closely miss the adder.
The adder is moderately wounded.
You feel sick. The adder misses you. The adder bites you.
* * * LOW HITPOINT WARNING * * *
You closely miss the adder.
The adder is moderately wounded.
* * * LOW HITPOINT WARNING * * *
You feel sick. The adder barely misses you.
You closely miss the adder.
The adder is moderately wounded.
* * * LOW HITPOINT WARNING * * *
You feel sick. The adder misses you. The adder barely misses you.
You slash the adder! You burn the adder.
You kill the adder!
* * * LOW HITPOINT WARNING * * *
You feel sick.
Your Spellcasting skill increases to level 4!
You die...

.# . ## .#
#. .# #.
..##.#
#.###.$...#
#.#.......#
#...@.#
.......#.#
.#.#####.#.#
# #<#.....#
#.#.#.#...#
#...#.#####
#.#.......#
...#.#.###.#
#.. #.#...
.#


There were no monsters in sight!

Vanquished Creatures
  Jessica (D:2)
  2 adders
  6 ball pythons
  8 bats
  3 endoplasms (D:2)
  5 goblins (D:1)
  6 hobgoblins
  2 jackals (D:1)
  5 kobolds
  6 quokkas
  5 frilled lizards
  5 rats
54 creatures vanquished.

Vanquished Creatures (others)
  2 plants (D:1)
2 creatures vanquished.

Grand Total: 56 creatures vanquished

Notes
Turn   | Place    | Note
-------+----------+-------------------------------------------
     0 | D:1      | RascalDebosk the Deep Elf Conjurer began the quest for the
                  | Orb.
     0 | D:1      | Reached XP level 1. HP: 10/10 MP: 6/6
   178 | D:1      | Reached XP level 2. HP: 11/15 MP: 6/8
   503 | D:1      | Learned a level 2 spell: Searing Ray
  1137 | D:1      | Reached XP level 3. HP: 19/19 MP: 7/10
  1217 | D:1      | Found a faded altar of an unknown god.
  1399 | D:2      | Found an iron altar of Okawaru.
  1488 | D:2      | Reached skill level 1 in Hexes
  1549 | D:2      | Found Ugra's General Store.
  1590 | D:2      | Noticed Jessica
  1599 | D:2      | Killed Jessica
  1600 | D:2      | Reached XP level 4. HP: 24/24 MP: 7/11
  1953 | D:3      | Learned a level 3 spell: Dazzling Flash
  1958 | D:3      | Learned a level 4 spell: Fulminant Prism
  2001 | D:3      | HP: 1/24 [poisoned by an adder]
  2002 | D:3      | Succumbed to an adder's poison

Illustrated notes

Levels and vault maps discovered:
D:1:      dpeg_arrival_tiny_f, layout_loops_corners,
          shapermc_ecumenical_altar_hornbeckon, minmay_pentomino_r2
D:2:      layout_basic, serial_shops, shop_fountains, basic_altar, uniq_jessica
D:3:      layout_basic, serial_shops, shop, grunt_decor_mini_mirrors,
          uniq_crazy_yiuf_cottage

Skill      XL: |  1  2  3  4 |
---------------+-------------+-----
Stealth        | 3 |  3.6
Dodging        | 3 |  3.3
Hexes          | 1 |  1.7
Spellcasting   | 4 |  4.0
Conjurations   | |  4.9

Action                   |  1- 3 |  4- 6 || total
-------------------------+-------+-------++-------
Melee: Unarmed           |     3 |       ||     3
       Demon blade       |     8 |     9 ||    17
 Cast: Magic Dart        |    52 |     8 ||    60
       Searing Ray       |     7 |     3 ||    10
 Stab: Sleeping          |     2 |       ||     2
Armor: Robe              |     2 |     1 ||     3
Dodge: Dodged            |    14 |     9 ||    23
